 Dungeon Crawl Stone Soup version 0.29.1-13-g9f3cf754e1 (webtiles) character file.

Game seed: 12057665765650149928

4 booth the Vexing (level 1, -3/13 HPs)
             Began as a Demonspawn Enchanter on Jan 21, 2023.
             Slain by a hobgoblin (4 damage)
             ... on level 1 of the Dungeon.
             The game lasted 00:03:53 (616 turns).

booth the Vexing (Demonspawn Enchanter)              Turns: 616, Time: 00:03:53

Health: -3/13      AC:  2    Str:  8    XL:     1   Next: 50%
Magic:  3/3        EV: 12    Int: 16    God:
Gold:   25         SH:  0    Dex: 13    Spells: 4/4 levels left

rFire   . . .      SeeInvis .   a - +1 dagger
rCold   . . .      Faith    .   (no shield)
rNeg    . . .      Spirit   .   b - +0 robe
rPois   .          Reflect  .   (no helmet)
rElec   .          Harm     .   (no cloak)
rCorr   .          Rampage  .   (no gloves)
Will    .....                   (no boots)
Stlth   ++........              (no amulet)
HPRegen 0.04/turn               (no ring)
MPRegen 0.08/turn               (no ring)

@: no status effects
A: no striking features
a: no special abilities


You were on level 1 of the Dungeon.
You visited 1 branch of the dungeon, and saw 1 of its levels.

You collected 25 gold pieces.

Inventory:

Hand Weapons
 a - a +1 dagger (weapon)
Armour
 b - a +0 robe (worn)
Scrolls
 e - a scroll of identify {unknown}
 f - a scroll of teleportation {unknown}
 g - a scroll of immolation {unknown}
Potions
 c - a potion of invisibility
 d - 2 potions of brilliance {unknown}
 h - a potion of heal wounds {unknown}


   Skills:
 + Level 0.8 Short Blades
 + Level 1.7 Dodging
 + Level 2.7 Stealth
 + Level 2.1 Spellcasting
 * Level 3.1 Hexes


You had 4 spell levels left.
You didn't know any spells.
Your spell library contained the following spells:

 Spells                   Type           Power      Damage    Failure   Level
 Ensorcelled Hibernation  Hex/Ice        12%        N/A       16%         2
 Confusing Touch          Hex            11%        N/A       17%         3
 Tukima's Dance           Hex            11%        N/A       17%         3
 Sting                    Tmut/Pois      4%         1d3       21%         1
 Poisonous Vapours        Pois/Air       2%         N/A       30%         2
 Dazzling Flash           Conj/Hex       12%        N/A       32%         3
 Olgreb's Toxic Radiance  Pois           1%         N/A       90%         4


Dungeon Overview and Level Annotations

Branches:
Dungeon (1/15)

Altars:


Message History

You hit the hobgoblin but do no damage.
The hobgoblin is heavily wounded.
The hobgoblin hits you.
You barely miss the hobgoblin.
The hobgoblin is heavily wounded.
The hobgoblin barely misses you.
You fade into invisibility!
The hobgoblin hits you.
* * * LOW HITPOINT WARNING * * *
You see here a bat skeleton.
You hit the hobgoblin.
The hobgoblin is moderately wounded.
The hobgoblin closely misses you.
You hit the hobgoblin.
The hobgoblin is heavily wounded.
The hobgoblin barely misses you.
You hit the hobgoblin.
The hobgoblin is severely wounded.
The hobgoblin closely misses you.
You barely miss the hobgoblin.
The hobgoblin is severely wounded.
You flicker for a moment.
The hobgoblin barely misses you.
You closely miss the hobgoblin.
The hobgoblin is severely wounded.
The hobgoblin hits you.
* * * LOW HITPOINT WARNING * * *
You hit the hobgoblin but do no damage.
The hobgoblin is severely wounded.
The hobgoblin barely misses you.
You hit the hobgoblin.
The hobgoblin is almost dead.
The hobgoblin closely misses you.
You flicker back into view.
The hobgoblin barely misses you. The hobgoblin barely misses you.
The hobgoblin attacks as you move away! The hobgoblin completely misses you.
You are too injured to fight recklessly!
The hobgoblin attacks as you move away! The hobgoblin hits you.
You die...

#.#
#....♣<.#♣.....♣♣...#
. #.#
#....#♣♣♣♣♣♣♣♣♣♣###.#
#.# #....# #.#
#.####....## #÷#
#....'.....##### #g#
######.........# ###
#.# #.........###.#
#.# #....#.#.g....#
#.#
####...#@####.#####.#
#.###....#.......#
#.###.##.#############
#.#..)#....#.........#
#.#.######.#.#######.#
#...# #...# #.. #####
##### ###


You could see a hobgoblin.

Vanquished Creatures
  A ball python (D:1)
  A goblin (D:1)
  A bat (D:1)
  A kobold (D:1)
4 creatures vanquished.

Notes
Turn   | Place    | Note
-------+----------+-------------------------------------------
     0 | D:1      | booth the Demonspawn Enchanter began the quest for the Orb.
     0 | D:1      | Reached XP level 1. HP: 13/13 MP: 3/3
   616 | D:1      | Slain by a hobgoblin

Illustrated notes

Levels and vault maps discovered:
D:1:      amcnicky_arrival_underground_garden, layout_basic, minmay_door_square

Action                   || total
-------------------------++-------
Melee: Dagger            ||    24
  Use: Potion            ||     1
Armor: Robe              ||     1
Dodge: Dodged            ||    15
